[Event "EYCC Open-U16 2019"]
[Site "Bratislava"]
[Date "2019.08.06"]
[Round "5.27"]
[White "Placer, Sebastian"]
[Black "Sorensen, Hampus"]
[Result "0-1"]
[ECO "D45"]
[WhiteElo "2040"]
[BlackElo "2352"]
[Annotator "NA"]
[PlyCount "94"]
[EventDate "2019.08.02"]
[EventType "swiss"]
[EventCountry "SVK"]
[SourceTitle "playchess.com"]
[Source "ChessBase"]
[SourceQuality "1"]
[TimeControl "40/5400+30:1800+30"]

1. d4 d5 2. c4 c6 3. Nc3 Nf6 4. Nf3 e6 5. e3 a6 6. c5 Nbd7 7. Qc2 g6 8. Be2 Bg7 9. O-O O-O 10. Bd2 Qc7 11. Rfc1 e5 12. b4 e4 13. Ne1 h5 14. f3 exf3 15. Nxf3 Re8 16. Bd3 Ng4 17. Re1 f5 18. h3 Nh6 19. Ne2 Nf7 20. Nf4 Nf8 21. a4 Bf6 22. b5 h4 23. bxa6 bxa6 24. a5 Bd8 25. Ne2 Nh7 26. Rab1 Nhg5 27. Nxg5 Nxg5 28. Nf4 Kh7 29. Rf1 Ne4 30. Bxe4 Rxe4 31. Qd1 Ra7 32. Qf3 Qg7 33. Rb8 Rc7 34. Rb6 Kg8 35. Nd3 Bf6 36. Nb4 Bb7 37. Nxa6 Rf7 38. Nb4 f4 39. exf4 Bxd4+ 40. Kh1 Bxc5 41. Rxb7 Rxb7 42. Nxc6 Rc7 43. Bc3 Qd7 44. Ne5 Qf5 45. Ng4 Kf8 46. Nf6 Re3 47. Qxd5 Rxh3+ 0-1

[Event "EYCC Open-U16 2019"]
[Site "Bratislava"]
[Date "2019.08.06"]
[Round "5.28"]
[White "Nagy, Ladislav"]
[Black "Degraeve, Remy"]
[Result "0-1"]
[ECO "B23"]
[WhiteElo "2061"]
[BlackElo "2349"]
[Annotator "NA"]
[PlyCount "74"]
[EventDate "2019.08.02"]
[EventType "swiss"]
[EventCountry "SVK"]
[SourceTitle "playchess.com"]
[Source "ChessBase"]
[SourceQuality "1"]
[TimeControl "40/5400+30:1800+30"]

1. e4 c5 2. Nc3 g6 3. g3 Bg7 4. Bg2 Nc6 5. d3 e6 6. f4 Nge7 7. Nf3 O-O 8. O-O d6 9. Be3 Nd4 10. e5 Nef5 11. Bf2 Nxf3+ 12. Qxf3 Nd4 13. Qd1 dxe5 14. fxe5 Rb8 15. Ne4 b6 16. c3 Nf5 17. g4 Nh4 18. Bxh4 Qxh4 19. Nf6+ Bxf6 20. Rxf6 Bb7 21. Bxb7 Rxb7 22. Qf3 Rd7 23. Rf1 Qg5 24. Qg3 Rd5 25. Re1 Qd2 26. Rf3 Qxb2 27. Qh4 Qxc3 28. Rh3 h5 29. gxh5 Rxd3 30. Rxd3 Qxd3 31. Re4 Qd1+ 32. Kf2 Rd8 33. hxg6 Rd2+ 34. Kg3 Rd3+ 35. Kf4 Qf3+ 36. Kg5 Qf5+ 37. Kh6 Qxg6# 0-1

[Event "EYCC Open-U16 2019"]
[Site "Bratislava"]
[Date "2019.08.06"]
[Round "5.29"]
[White "Torngren, Gustav"]
[Black "Alonso Garcia, Aaron"]
[Result "0-1"]
[ECO "A37"]
[WhiteElo "2109"]
[BlackElo "2248"]
[Annotator "NA"]
[PlyCount "98"]
[EventDate "2019.08.02"]
[EventType "swiss"]
[EventCountry "SVK"]
[SourceTitle "playchess.com"]
[Source "ChessBase"]
[SourceQuality "1"]
[TimeControl "40/5400+30:1800+30"]

1. c4 c5 2. g3 Nc6 3. Bg2 g6 4. Nc3 Bg7 5. Nf3 e5 6. O-O Nge7 7. Ne1 d6 8. Nc2 Be6 9. Ne3 O-O 10. Ned5 Qd7 11. a3 Bh3 12. b4 Bxg2 13. Kxg2 f5 14. b5 Nxd5 15. Nxd5 Nd4 16. Bb2 Ne6 17. f4 Rae8 18. e3 Rf7 19. Qc2 Nc7 20. Nxc7 Qxc7 21. Qd3 e4 22. Qc2 d5 23. Bxg7 Rxg7 24. cxd5 Qd6 25. Rac1 b6 26. Qc4 Rd7 27. Kf2 Qxd5 28. Ke2 Red8 29. Qxd5+ Rxd5 30. Rc2 Rd3 31. Ra1 Rb3 32. a4 Kf7 33. Rac1 Ke6 34. Rc3 Rb4 35. Rc4 Rxc4 36. Rxc4 Kd5 37. Rc1 c4 38. Kd1 Kc5 39. Kc2 Rd3 40. Ra1 Kb4 41. h3 Ra3 42. Rb1+ Kc5 43. g4 Rxa4 44. Rg1 Ra2+ 45. Kc3 a6 46. Rb1 axb5 47. Rxb5+ Kxb5 48. Kd4 Rxd2+ 49. Ke5 c3 {[%emt 0:00:03] Kd4} 0-1

[Event "EYCC Open-U16 2019"]
[Site "Bratislava"]
[Date "2019.08.06"]
[Round "5.30"]
[White "Lomandong, Marc-Antoine"]
[Black "Turcan, Richard"]
[Result "1-0"]
[ECO "D00"]
[WhiteElo "2073"]
[BlackElo "2232"]
[Annotator "NA"]
[PlyCount "79"]
[EventDate "2019.08.02"]
[EventType "swiss"]
[EventCountry "SVK"]
[SourceTitle "playchess.com"]
[Source "ChessBase"]
[SourceQuality "1"]
[TimeControl "40/5400+30:1800+30"]

1. d4 d5 2. Bf4 Nf6 3. e3 c5 4. c3 Nc6 5. Nd2 e6 6. Bd3 Bd6 7. Bg3 O-O 8. Ngf3 b6 9. Ne5 Qc7 10. f4 a5 11. Bh4 Be7 12. Qf3 Ba6 13. Bc2 cxd4 14. Nxc6 Qxc6 15. exd4 Rfc8 16. g4 Qc7 17. Bg3 Bd6 18. h4 b5 19. g5 Nd7 20. g6 b4 21. gxf7+ Kf8 22. c4 b3 23. axb3 dxc4 24. bxc4 Bb4 25. b3 Nf6 26. f5 Qe7 27. c5 Bb7 28. Qe2 Bxd2+ 29. Kxd2 Qxf7 30. fxe6 Qe8 31. Bd6+ Kg8 32. Rhg1 Bd5 33. Rxg7+ Kxg7 34. Rg1+ Kh8 35. Bf5 Rd8 36. Qe5 Qf8 37. Bxf8 Rxf8 38. e7 Rf7 39. Bd7 Rg8 40. e8=Q 1-0

[Event "EYCC Open-U16 2019"]
[Site "Bratislava"]
[Date "2019.08.06"]
[Round "5.31"]
[White "Bettalli, Francesco"]
[Black "Barak, David"]
[Result "0-1"]
[ECO "D58"]
[WhiteElo "2095"]
[BlackElo "2015"]
[Annotator "NA"]
[PlyCount "132"]
[EventDate "2019.08.02"]
[EventType "swiss"]
[EventCountry "SVK"]
[SourceTitle "playchess.com"]
[Source "ChessBase"]
[SourceQuality "1"]
[TimeControl "40/5400+30:1800+30"]

1. d4 Nf6 2. c4 e6 3. Nc3 d5 4. Bg5 Be7 5. Nf3 h6 6. Bh4 O-O 7. e3 b6 8. Bd3 Bb7 9. cxd5 Nxd5 10. Bxe7 Qxe7 11. Rc1 c5 12. Nxd5 exd5 13. dxc5 bxc5 14. O-O Nd7 15. Qa4 Nb6 16. Qf4 Rac8 17. h4 Rc6 18. Qf5 g6 19. Qf4 Kg7 20. Qg3 Nd7 21. Bb5 Rcc8 22. h5 Rfd8 23. hxg6 fxg6 24. Nh4 Qg5 25. Qh3 Nf8 26. f4 Qf6 27. Bd3 Rc7 28. Qg3 Rc6 29. b3 Bc8 30. f5 g5 31. Ng6 a6 32. Ne5 Nd7 33. Ng4 Qf8 34. Qh2 Rf6 35. Nxf6 Qxf6 36. Qc7 Kh8 37. Kh1 Re8 38. Bb1 Kg8 39. Rcd1 Qe5 40. Qc6 Nf6 41. Rxd5 Qxd5 42. Qxf6 Rxe3 43. Qg6+ Kf8 44. Qxh6+ Kf7 45. Qh7+ Kf8 46. Qh8+ Kf7 47. Kg1 Bb7 48. Qh5+ Kf8 49. Qh6+ Kf7 50. Qxg5 Qd4 51. Qg6+ Kf8 52. Qh6+ Kf7 53. Qh5+ Kf8 54. Qh6+ Kf7 55. Kh2 Qe5+ 56. Qf4 Qxf4+ 57. Rxf4 Re2 58. Rg4 Rb2 59. Bd3 Rxa2 60. Bc4+ Kf6 61. Be6 Rc2 62. Rg6+ Ke5 63. Kh3 Be4 64. g4 Kf4 65. Bd5 Bxd5 66. Rd6 Bf3 0-1

[Event "EYCC Open-U16 2019"]
[Site "Bratislava"]
[Date "2019.08.06"]
[Round "5.32"]
[White "Zetocha, Adrian"]
[Black "Sismeiro, Miguel"]
[Result "0-1"]
[ECO "D86"]
[WhiteElo "2193"]
[BlackElo "2103"]
[Annotator "NA"]
[PlyCount "81"]
[EventDate "2019.08.02"]
[EventType "swiss"]
[EventCountry "SVK"]
[SourceTitle "playchess.com"]
[Source "ChessBase"]
[SourceQuality "1"]
[TimeControl "40/5400+30:1800+30"]

1. d4 Nf6 2. c4 g6 3. Nc3 d5 4. cxd5 Nxd5 5. e4 Nxc3 6. bxc3 Bg7 7. Bc4 O-O 8. Ne2 Nc6 9. O-O b6 10. Be3 Bb7 11. Rb1 e5 12. Bd5 Na5 13. Bxb7 Nxb7 14. f3 Qe7 15. Re1 c5 16. dxe5 Qxe5 17. c4 Na5 18. Rc1 Rfd8 19. Qc2 Nc6 20. Nf4 Nb4 21. Qe2 Qb2 22. Qxb2 Bxb2 23. Rb1 Be5 24. Nd5 Nc2 25. Bg5 Nxe1 26. Bxd8 Nxf3+ 27. gxf3 Rxd8 28. Ne7+ Kg7 29. Nc6 Bd4+ 30. Kf1 Rd7 31. Rd1 Kf6 32. f4 g5 33. fxg5+ Kxg5 34. Ne5 Rc7 35. Nd3 Re7 36. Re1 f5 37. exf5 Rxe1+ 38. Nxe1 Kxf5 39. a4 Ke4 40. Ke2 h5 41. Nf3 0-1

[Event "EYCC Open-U16 2019"]
[Site "Bratislava"]
[Date "2019.08.06"]
[Round "5.33"]
[White "Palczert, Botond"]
[Black "Melaa, Sondre"]
[Result "0-1"]
[ECO "D35"]
[WhiteElo "2022"]
[BlackElo "2118"]
[Annotator "NA"]
[PlyCount "80"]
[EventDate "2019.08.02"]
[EventType "swiss"]
[EventCountry "SVK"]
[SourceTitle "playchess.com"]
[Source "ChessBase"]
[SourceQuality "1"]
[TimeControl "40/5400+30:1800+30"]

1. d4 d5 2. c4 e6 3. Nc3 Nf6 4. cxd5 exd5 5. Bg5 c6 6. e3 Nbd7 7. Bd3 Be7 8. h3 h6 9. Bf4 Nb6 10. Nf3 Bd6 11. Ne5 Qe7 12. O-O Nbd7 13. Nxd7 Bxd7 14. Bxd6 Qxd6 15. Qc2 O-O 16. b4 Rac8 17. Rfc1 Ne8 18. Qa4 a6 19. Qc2 f5 20. f4 Qxb4 21. Rab1 Qe7 22. Rxb7 Qxe3+ 23. Kh1 Rc7 24. Bxa6 Rxb7 25. Bxb7 Nd6 26. Rb1 Qxf4 27. a4 Qxd4 28. a5 Nc4 29. a6 Na3 30. Qd1 Qxc3 31. Rb3 Qc5 32. Qa1 Nb5 33. Qa5 f4 34. Rf3 d4 35. Qd2 g5 36. h4 Bg4 37. Rf1 f3 38. g3 Bh3 39. Qd3 Qf5 40. Rxf3 Qxf3+ 0-1

[Event "EYCC Open-U16 2019"]
[Site "Bratislava"]
[Date "2019.08.06"]
[Round "5.34"]
[White "Gomez Carreno, Martin"]
[Black "Bukatin, Arseny"]
[Result "0-1"]
[ECO "C91"]
[WhiteElo "2078"]
[BlackElo "2016"]
[Annotator "NA"]
[PlyCount "56"]
[EventDate "2019.08.02"]
[EventType "swiss"]
[EventCountry "SVK"]
[SourceTitle "playchess.com"]
[Source "ChessBase"]
[SourceQuality "1"]
[TimeControl "40/5400+30:1800+30"]

1. e4 e5 2. Nf3 Nc6 3. Bb5 a6 4. Ba4 Nf6 5. O-O Be7 6. Re1 b5 7. Bb3 d6 8. c3 O-O 9. d4 Bg4 10. Be3 Bh5 11. h3 exd4 12. cxd4 Na5 13. Bc2 Nc4 14. Bc1 d5 15. e5 Ne4 16. b3 Nb6 17. Bxe4 dxe4 18. Rxe4 f6 19. Nbd2 Nd5 20. Bb2 fxe5 21. dxe5 Nf4 22. Kh2 Bc5 23. Qf1 Qd5 24. Bc3 Nxg2 25. Nd4 Nf4 26. Rae1 Bg6 27. Qh1 b4 28. Ba1 Ne6 0-1

[Event "EYCC Open-U16 2019"]
[Site "Bratislava"]
[Date "2019.08.06"]
[Round "5.35"]
[White "Stankovic, Milos M"]
[Black "Ghachava, Akaki"]
[Result "1/2-1/2"]
[ECO "A35"]
[WhiteElo "2270"]
[BlackElo "1777"]
[Annotator "NA"]
[PlyCount "57"]
[EventDate "2019.08.02"]
[EventType "swiss"]
[EventCountry "SVK"]
[SourceTitle "playchess.com"]
[Source "ChessBase"]
[SourceQuality "1"]
[TimeControl "40/5400+30:1800+30"]

1. c4 c5 2. Nc3 Nc6 3. Nf3 g6 4. d4 cxd4 5. Nxd4 Bg7 6. Nxc6 bxc6 7. e4 Rb8 8. Qc2 Nf6 9. Be2 O-O 10. O-O d6 11. Be3 Qa5 12. Rac1 Be6 13. b3 Rfc8 14. Qd2 Rd8 15. Rfd1 Rd7 16. h3 Rbd8 17. Bf3 Qa6 18. Qc2 h6 19. Rd2 Kh7 20. Rcd1 Qa5 21. Na4 Rc7 22. Nc5 Nd7 23. Nxd7 Rcxd7 24. Bd4 Bxd4 25. Rxd4 Qc5 26. Qd2 a5 27. Be2 Rb8 28. Rb1 Rdb7 29. Bg4 1/2-1/2

[Event "EYCC Open-U16 2019"]
[Site "Bratislava"]
[Date "2019.08.06"]
[Round "5.36"]
[White "Fernandez Garcia, Gumersindo"]
[Black "Gavrilin, Roman"]
[Result "1/2-1/2"]
[ECO "E09"]
[WhiteElo "2011"]
[BlackElo "2131"]
[Annotator "NA"]
[PlyCount "50"]
[EventDate "2019.08.02"]
[EventType "swiss"]
[EventCountry "SVK"]
[SourceTitle "playchess.com"]
[Source "ChessBase"]
[SourceQuality "1"]
[TimeControl "40/5400+30:1800+30"]

1. d4 Nf6 2. c4 e6 3. g3 d5 4. Nf3 Be7 5. Bg2 O-O 6. Qc2 Nbd7 7. O-O c6 8. Nbd2 b6 9. e4 dxc4 10. Nxc4 Bb7 11. Nfe5 Rc8 12. Rd1 b5 13. Nxd7 Nxd7 14. Ne3 Qb6 15. Qe2 Rfd8 16. a4 a5 17. Bd2 b4 18. Nc4 Qa6 19. Bf4 Nb6 20. Bf1 Nxc4 21. Qxc4 Qxc4 22. Bxc4 c5 23. d5 exd5 24. exd5 Bf6 25. d6 Bc6 1/2-1/2

[Event "EYCC Open-U16 2019"]
[Site "Bratislava"]
[Date "2019.08.06"]
[Round "5.37"]
[White "Keprt, Tomas"]
[Black "Silich, Yahor"]
[Result "0-1"]
[ECO "B22"]
[WhiteElo "1438"]
[BlackElo "2100"]
[Annotator "NA"]
[PlyCount "92"]
[EventDate "2019.08.02"]
[EventType "swiss"]
[EventCountry "SVK"]
[SourceTitle "playchess.com"]
[Source "ChessBase"]
[SourceQuality "1"]
[TimeControl "40/5400+30:1800+30"]

1. e4 c5 2. c3 d5 3. exd5 Qxd5 4. d4 Nf6 5. Nf3 e6 6. Be3 Nc6 7. dxc5 Qxd1+ 8. Kxd1 Ng4 9. b4 Nxe3+ 10. fxe3 Bd7 11. Bb5 a5 12. Bxc6 Bxc6 13. Nbd2 g6 14. Rg1 axb4 15. cxb4 Ra4 16. a3 Bg7 17. Nd4 Bd5 18. Kc2 Ke7 19. g3 h5 20. Nb1 Raa8 21. Nc3 Bc4 22. Rgd1 h4 23. g4 f5 24. gxf5 gxf5 25. c6 bxc6 26. Nxc6+ Kf6 27. b5 Rhc8 28. a4 Bh6 29. Kd2 e5 30. Ke1 Ke6 31. Kf2 f4 32. exf4 Bxf4 33. h3 Rf8 34. Ne4 Bh6+ 35. Kg2 Bd5 36. Rxd5 Kxd5 37. Nc3+ Kc4 38. Ne4 Rg8+ 39. Kh1 Raf8 40. Rg1 Rxg1+ 41. Kxg1 Be3+ 42. Kg2 Kd3 43. Nd6 Rg8+ 44. Kh1 Ke2 45. Nxe5 Bf4 46. Ndc4 Rg3 0-1

[Event "EYCC Open-U16 2019"]
[Site "Bratislava"]
[Date "2019.08.06"]
[Round "5.38"]
[White "Grutter, Tim"]
[Black "Sadovnikov, Konstantin"]
[Result "1-0"]
[ECO "B33"]
[WhiteElo "2091"]
[BlackElo "1798"]
[Annotator "NA"]
[PlyCount "59"]
[EventDate "2019.08.02"]
[EventType "swiss"]
[EventCountry "SVK"]
[SourceTitle "playchess.com"]
[Source "ChessBase"]
[SourceQuality "1"]
[TimeControl "40/5400+30:1800+30"]

1. e4 c5 2. Nf3 Nc6 3. d4 cxd4 4. Nxd4 Nf6 5. Nc3 e5 6. Ndb5 d6 7. Bg5 a6 8. Na3 b5 9. Nd5 Be7 10. Bxf6 Bxf6 11. c3 Rb8 12. Nc2 Bg5 13. a4 bxa4 14. Ncb4 Nxb4 15. cxb4 O-O 16. h4 Be7 17. Rxa4 Be6 18. Bxa6 Bxd5 19. Qxd5 Qd7 20. b5 Kh8 21. Rc4 f5 22. exf5 Rxf5 23. b6 Bd8 24. b7 Bb6 25. Rc8+ Rf8 26. O-O Ba7 27. Qf3 Rbxc8 28. bxc8=Q Rxc8 29. Bxc8 Qxc8 30. Ra1 1-0

[Event "EYCC Open-U16 2019"]
[Site "Bratislava"]
[Date "2019.08.06"]
[Round "5.39"]
[White "Carlsson, Ludvig"]
[Black "Gzib, David"]
[Result "1-0"]
[ECO "A39"]
[WhiteElo "2218"]
[BlackElo "2021"]
[Annotator "NA"]
[PlyCount "79"]
[EventDate "2019.08.02"]
[EventType "swiss"]
[EventCountry "SVK"]
[SourceTitle "playchess.com"]
[Source "ChessBase"]
[SourceQuality "1"]
[TimeControl "40/5400+30:1800+30"]

1. c4 g6 2. g3 Bg7 3. Bg2 Nf6 4. Nc3 c5 5. Nf3 Nc6 6. O-O O-O 7. d4 cxd4 8. Nxd4 Qb6 9. Nc2 d6 10. b3 Qa5 11. Bb2 Bd7 12. Qe1 Qc7 13. Ne3 Rfc8 14. Ncd5 Nxd5 15. Nxd5 Qd8 16. Bxg7 Kxg7 17. Qc3+ f6 18. Qe3 e6 19. Nc3 Qe7 20. Rfd1 Rd8 21. Rd2 Be8 22. Rad1 Ne5 23. f4 Nf7 24. Bh3 e5 25. Nd5 Qf8 26. Nc7 exf4 27. gxf4 Kh8 28. Nxa8 Rxa8 29. Qe6 Qg7 30. Bg2 g5 31. e3 gxf4 32. exf4 Bc6 33. Kh1 Rg8 34. Bxc6 bxc6 35. Qe4 Qg4 36. Re1 f5 37. Qd4+ Ne5 38. Rf2 c5 39. Qxd6 Nf3 40. Qf6+ 1-0

[Event "EYCC Open-U16 2019"]
[Site "Bratislava"]
[Date "2019.08.06"]
[Round "5.40"]
[White "Vitenberg, Noam Aviv"]
[Black "Redzisz, Michal"]
[Result "1-0"]
[ECO "D12"]
[WhiteElo "2300"]
[BlackElo "2054"]
[Annotator "NA"]
[PlyCount "107"]
[EventDate "2019.08.02"]
[EventType "swiss"]
[EventCountry "SVK"]
[SourceTitle "playchess.com"]
[Source "ChessBase"]
[SourceQuality "1"]
[TimeControl "40/5400+30:1800+30"]

1. Nf3 d5 2. d4 Nf6 3. c4 c6 4. e3 Bf5 5. Nc3 e6 6. Qb3 Qb6 7. c5 Qc7 8. Nh4 Bg6 9. Nxg6 hxg6 10. h3 Nbd7 11. Bd2 Be7 12. Be2 e5 13. Qc2 Nf8 14. Qa4 Ne6 15. O-O-O O-O 16. Be1 exd4 17. exd4 Qf4+ 18. Kb1 b5 19. cxb6 axb6 20. Qxc6 Nxd4 21. Qb7 Bc5 22. Bd3 Rfb8 23. Nxd5 Qd6 24. Nxf6+ gxf6 25. Qe4 f5 26. Qh4 Qd5 27. b3 Nxb3 28. Bc2 Nd4 29. Bb3 Qe5 30. Bc3 Rd8 31. Rhe1 Qg7 32. Rd3 g5 33. Qh5 Rd7 34. Rg3 g4 35. hxg4 f4 36. Rh3 Bb4 37. Reh1 Bxc3 38. Qh8+ Qxh8 39. Rxh8+ Kg7 40. Rxa8 Nxb3 41. axb3 Re7 42. Rc1 Bd4 43. Ra2 Kg6 44. Rd1 Bc5 45. Rb2 Ba3 46. Rc2 Bc5 47. f3 Re3 48. Kb2 Re6 49. Rd5 Bg1 50. b4 f6 51. Kb3 Kf7 52. Rc7+ Kg6 53. Rdd7 Kg5 54. Rh7 1-0

[Event "EYCC Open-U16 2019"]
[Site "Bratislava"]
[Date "2019.08.06"]
[Round "5.41"]
[White "Karadzhov, Ivan"]
[Black "Novotny, Martin"]
[Result "1/2-1/2"]
[ECO "A58"]
[WhiteElo "2023"]
[BlackElo "2178"]
[Annotator "NA"]
[PlyCount "104"]
[EventDate "2019.08.02"]
[EventType "swiss"]
[EventCountry "SVK"]
[SourceTitle "playchess.com"]
[Source "ChessBase"]
[SourceQuality "1"]
[TimeControl "40/5400+30:1800+30"]

1. d4 Nf6 2. c4 c5 3. d5 b5 4. cxb5 a6 5. bxa6 g6 6. Nc3 Bg7 7. Nf3 O-O 8. e4 Qa5 9. Bd2 Bxa6 10. Bxa6 Qxa6 11. Qe2 e6 12. Qxa6 Nxa6 13. O-O exd5 14. exd5 Nb4 15. d6 Ra6 16. Be3 Nd3 17. Rab1 Ng4 18. Rfd1 Nxb2 19. Rxb2 Nxe3 20. fxe3 Bxc3 21. Rc2 Bb4 22. Ne5 Rd8 23. Rd5 f6 24. Nd3 Kf7 25. Rf2 Rda8 26. Nxb4 cxb4 27. Rd4 Rxa2 28. Rxb4 Ra1+ 29. Rf1 Rxf1+ 30. Kxf1 Ra6 31. Kf2 Rxd6 32. Kf3 Rd2 33. h3 Ke6 34. Re4+ Kf7 35. Ra4 f5 36. Rb4 Ke6 37. Rb6+ Ke5 38. Rb5+ d5 39. Rb7 h5 40. h4 Rd3 41. Ke2 Ra3 42. Rb6 Ra4 43. Rxg6 Rxh4 44. Kf3 Rg4 45. Rh6 h4 46. Rh8 d4 47. exd4+ Rxd4 48. Re8+ Kf6 49. Rf8+ Ke6 50. Re8+ Kf7 51. Ra8 Re4 52. Ra6 Kg7 {[%emt 0:01:04] Kxe4} 1/2-1/2

[Event "EYCC Open-U16 2019"]
[Site "Bratislava"]
[Date "2019.08.06"]
[Round "5.42"]
[White "Mica, Marek"]
[Black "Martin Barcelo, Carles"]
[Result "1/2-1/2"]
[ECO "E63"]
[WhiteElo "2222"]
[BlackElo "2012"]
[Annotator "NA"]
[PlyCount "263"]
[EventDate "2019.08.02"]
[EventType "swiss"]
[EventCountry "SVK"]
[SourceTitle "playchess.com"]
[Source "ChessBase"]
[SourceQuality "1"]
[TimeControl "40/5400+30:1800+30"]

1. d4 Nf6 2. Nf3 g6 3. c4 Bg7 4. g3 O-O 5. Bg2 d6 6. O-O Nc6 7. Nc3 a6 8. h3 Bd7 9. e4 e5 10. dxe5 Nxe5 11. Nxe5 dxe5 12. Bg5 h6 13. Be3 Be6 14. Qe2 Qc8 15. Kh2 Nd7 16. Nd5 Kh7 17. f4 exf4 18. gxf4 c6 19. Rac1 Qb8 20. Nb4 f5 21. e5 Nxe5 22. Bc5 Bxc4 23. Rxc4 Re8 24. Rc2 Ng4+ 25. hxg4 Rxe2 26. Rxe2 a5 27. Nc2 Bf8 28. Bxf8 Qxf8 29. gxf5 Qxf5 30. Bh3 Qd3 31. Rff2 Rf8 32. Rd2 Qe4 33. Rd4 Qe8 34. Rfd2 Kh8 35. Bg4 c5 36. Re2 Qxe2+ 37. Bxe2 cxd4 38. Nxd4 Rxf4 39. Nf3 Rb4 40. b3 a4 41. Bc4 axb3 42. axb3 Rb6 43. Kg3 Kg7 44. Ne5 Rf6 45. Nd3 h5 46. Nc5 b6 47. Ne4 Rf5 48. Nd6 Rf8 49. Ne4 Kh6 50. Nd6 Rf6 51. Ne4 Rf5 52. Nd6 Rg5+ 53. Kh3 Rc5 54. b4 Rc6 55. Nf7+ Kg7 56. Ne5 Rc7 57. Bf1 Kf6 58. Nc4 Rb7 59. b5 Rb8 60. Bg2 g5 61. Kg3 Kg6 62. Be4+ Kf6 63. Bc6 Kf5 64. Nd6+ Ke5 65. Nc4+ Kd4 66. Nd6 Rg8 67. Nf5+ Ke5 68. Ne3 Kd4 69. Nf5+ Kc5 70. Ne7 Rg7 71. Nf5 Rg6 72. Be8 Rf6 73. Ng7 Rh6 74. Nxh5 Rh8 75. Bf7 Kxb5 76. Kg4 Ka4 77. Kxg5 b5 78. Ng3 b4 79. Ne4 Rb8 80. Nc5+ Ka3 81. Nd3 b3 82. Bxb3 Kxb3 83. Nf4 Kc4 84. Kf5 Kd4 85. Ne6+ Kd5 86. Nf4+ Kd6 87. Ke4 Rb4+ 88. Ke3 Ra4 89. Nd3 Kd5 90. Nf4+ Ke5 91. Nd3+ Kf5 92. Nc5 Rb4 93. Nd3 Rc4 94. Nb2 Rh4 95. Nd3 Rh8 96. Kd4 Re8 97. Nc5 Re7 98. Kd5 Ra7 99. Kd4 Ra2 100. Kd5 Rd2+ 101. Kc4 Ke5 102. Nd3+ Ke4 103. Nc5+ Ke3 104. Nb3 Rd8 105. Nc5 Rd4+ 106. Kc3 Rd6 107. Kc4 Rd8 108. Kc3 Rd4 109. Nb3 Rg4 110. Nc5 Rh4 111. Nb3 Rh2 112. Nc5 Rh5 113. Kc4 Rg5 114. Nb3 Ke4 115. Nc5+ Ke5 116. Nd3+ Kd6 117. Kd4 Rg4+ 118. Ke3 Rh4 119. Nf4 Rh8 120. Ke4 Re8+ 121. Kf5 Re1 122. Kf6 Re8 123. Kf5 Re7 124. Kf6 Re3 125. Kf5 Re8 126. Ng6 Rg8 127. Nf4 Rg1 128. Kf6 Rg4 129. Kf5 Rg8 130. Ke4 Rg5 131. Nd3 Re5+ 132. Nxe5 {[%emt 0:00:08] Kxe5+} 1/2-1/2

[Event "EYCC Open-U16 2019"]
[Site "Bratislava"]
[Date "2019.08.06"]
[Round "5.43"]
[White "Kasioumis, Vasilios"]
[Black "Darmogray, Makar"]
[Result "1-0"]
[ECO "C55"]
[WhiteElo "2015"]
[BlackElo "2004"]
[Annotator "NA"]
[PlyCount "67"]
[EventDate "2019.08.02"]
[EventType "swiss"]
[EventCountry "SVK"]
[SourceTitle "playchess.com"]
[Source "ChessBase"]
[SourceQuality "1"]
[TimeControl "40/5400+30:1800+30"]

1. e4 e5 2. Nf3 Nc6 3. Bc4 Nf6 4. d3 h6 5. c3 d6 6. O-O g5 7. Re1 g4 8. Nfd2 h5 9. Nf1 Rg8 10. d4 Rg6 11. b4 h4 12. Na3 Qe7 13. Bd3 Nh7 14. Nc4 Ng5 15. b5 Nd8 16. Nfe3 f6 17. Nf5 Qh7 18. Qxg4 h3 19. g3 Nde6 20. Kh1 Be7 21. Qe2 Bd7 22. Be3 Kf8 23. f4 Nf7 24. Nxe7 Kxe7 25. f5 Rgg8 26. fxe6 Bxe6 27. d5 Bg4 28. Qf2 Ng5 29. Bxg5 fxg5 30. Ne3 Raf8 31. Nf5+ Bxf5 32. exf5 Rf6 33. Qxa7 Rxf5 34. Qe3 1-0

[Event "EYCC Open-U16 2019"]
[Site "Bratislava"]
[Date "2019.08.06"]
[Round "5.44"]
[White "Viczencz, Peter"]
[Black "Jirousek, Jan"]
[Result "0-1"]
[ECO "D00"]
[WhiteElo "2014"]
[BlackElo "1924"]
[Annotator "NA"]
[PlyCount "60"]
[EventDate "2019.08.02"]
[EventType "swiss"]
[EventCountry "SVK"]
[SourceTitle "playchess.com"]
[Source "ChessBase"]
[SourceQuality "1"]
[TimeControl "40/5400+30:1800+30"]

1. d4 d5 2. Bf4 Nf6 3. e3 c5 4. Nf3 Nc6 5. c3 Qb6 6. Qb3 c4 7. Qxb6 axb6 8. Nbd2 b5 9. Ne5 b4 10. e4 e6 11. Be2 bxc3 12. bxc3 Ra3 13. Nb1 Ra6 14. exd5 exd5 15. O-O Be7 16. Re1 Nxe5 17. dxe5 Nd7 18. Bg4 h5 19. Bf3 g5 20. Be3 Nxe5 21. Bxd5 Rd6 22. Be4 O-O 23. Bd4 f6 24. Na3 Be6 25. Nb5 Rd7 26. h4 g4 27. Bc2 Bf7 28. Bf5 Rd5 29. a4 Nc6 30. Nc7 Rxf5 0-1

[Event "EYCC Open-U16 2019"]
[Site "Bratislava"]
[Date "2019.08.06"]
[Round "5.45"]
[White "Stremavicius, Pijus"]
[Black "Dixa, Oskar"]
[Result "1-0"]
[ECO "E70"]
[WhiteElo "2071"]
[BlackElo "1973"]
[Annotator "NA"]
[PlyCount "139"]
[EventDate "2019.08.02"]
[EventType "swiss"]
[EventCountry "SVK"]
[SourceTitle "playchess.com"]
[Source "ChessBase"]
[SourceQuality "1"]
[TimeControl "40/5400+30:1800+30"]

1. d4 Nf6 2. c4 g6 3. Nc3 Bg7 4. e4 O-O 5. Bd3 d6 6. Nge2 Nbd7 7. O-O e5 8. d5 a5 9. a3 Nc5 10. Bc2 b6 11. b3 Ne8 12. Rb1 f5 13. exf5 Bxf5 14. b4 Nd7 15. Ng3 Bxc2 16. Qxc2 Nef6 17. Bg5 Qe7 18. Nce4 h6 19. Bxf6 Nxf6 20. f3 Ra7 21. Nxf6+ Qxf6 22. Ne4 Qf4 23. c5 bxc5 24. bxc5 Qe3+ 25. Qf2 Qxf2+ 26. Kxf2 dxc5 27. Rfc1 Rd8 28. Rxc5 Bf8 29. Rc3 Kf7 30. Rb5 Rd7 31. a4 Ra8 32. Rc6 Bb4 33. Rb7 Rad8 34. Ra7 Be7 35. Rxa5 Rxd5 36. Rxd5 Rxd5 37. Rxc7 Rd4 38. a5 Ra4 39. Ra7 Ke6 40. Ra6+ Kf5 41. Kg3 g5 42. Nc3 Rd4 43. Rxh6 Bb4 44. Kf2 g4 45. Ne4 Be7 46. a6 gxf3 47. gxf3 Ra4 48. Kg3 Ra1 49. Rc6 Bg5 50. Nxg5 Kxg5 51. h4+ Kh5 52. Re6 Ra5 53. a7 Rxa7 54. Rxe5+ Kh6 55. Kg4 Ra1 56. Re6+ Kg7 57. f4 Rg1+ 58. Kf5 Rh1 59. Rg6+ Kf7 60. Rg4 Rh2 61. Kg5 Kg7 62. Rg3 Rh1 63. h5 Rh2 64. Ra3 Rg2+ 65. Kf5 Rg1 66. Ra6 Rh1 67. Ra7+ Kh6 68. Kf6 Rf1 69. f5 Kxh5 70. Ra2 1-0

[Event "EYCC Open-U16 2019"]
[Site "Bratislava"]
[Date "2019.08.06"]
[Round "5.46"]
[White "Velkovski, Kristijan"]
[Black "Holly, Andrej"]
[Result "1/2-1/2"]
[ECO "B31"]
[WhiteElo "1953"]
[BlackElo "2046"]
[Annotator "NA"]
[PlyCount "50"]
[EventDate "2019.08.02"]
[EventType "swiss"]
[EventCountry "SVK"]
[SourceTitle "playchess.com"]
[Source "ChessBase"]
[SourceQuality "1"]
[TimeControl "40/5400+30:1800+30"]

1. e4 c5 2. Nf3 Nc6 3. Bb5 g6 4. O-O Bg7 5. Re1 e5 6. c3 Nge7 7. d3 O-O 8. Be3 d6 9. Nbd2 a6 10. Ba4 b5 11. Bc2 Rb8 12. Nf1 b4 13. Qd2 Bg4 14. Bd1 f5 15. Bh6 f4 16. Bxg7 Kxg7 17. h3 Bxf3 18. Bxf3 Qa5 19. Bd1 bxc3 20. bxc3 Qa3 21. Bb3 Na5 22. Qc2 Nxb3 23. axb3 Qxb3 24. Qxb3 Rxb3 25. Rxa6 Rxc3 1/2-1/2